 Dungeon Sprint DCSS version 0.30-a0-51-g784eafce7f (webtiles) character file.

Game seed: 10739366101787017889

1731 mhtbhm the Earth Mage (level 9, -4/45 HPs)
             Began as a Gargoyle Earth Elementalist on Sept 5, 2022.
             Was a Priest of Vehumet.
             Slain by Erolcha
             ... wielding a +0 giant spiked club
              (9 damage)
             ... in the Dungeon (Sprint III: "The Ten Rune Challenge").
             The game lasted 00:04:10 (996 turns).

mhtbhm the Earth Mage (Gargoyle Earth Elementalist)  Turns: 996, Time: 00:04:11

Health: -4/45      AC: 11    Str: 15    XL:     9   Next: 5%
Magic:  19/24      EV: 12    Int: 23    God:    Vehumet [***...]
Gold:   50         SH:  0    Dex:  8    Spells: 18/30 levels left

rFire   . . .      SeeInvis +    i - +4 dagger (vamp)
rCold   . . .      Faith    .    (no shield)
rNeg    + . .      Spirit   .    a - +2 robe
rPois   ∞          Reflect  .    (no helmet)
rElec   +          Harm     .    o - +0 cloak
rCorr   .          Rampage  .    (no gloves)
Will    .....      NoTele   +    (no boots)
Stlth   +++.......               (no amulet)
HPRegen 0.15/turn                (no ring)
MPRegen 0.19/turn                (no ring)

@: no status effects
A: sickness immunity, AC +6, negative energy resistance 1, electricity
resistance, torment resistance 1, petrification resistance, see invisible,
clever 1, strong 1
a: Renounce Religion


You were in the Dungeon.
You worshipped Vehumet.
Vehumet was most pleased with you.
You visited 1 branch You collected 50 gold pieces.

Inventory:

Hand Weapons
 i - a +4 vampiric dagger (weapon)
Armour
 a - a +2 robe (worn)
 o - a +0 cloak (worn)
Wands
 h - a wand of flame (18)
 p - a wand of light (1)
Scrolls
 j - 2 scrolls of poison {unknown}
 k - 4 scrolls of identify
Potions
 b - 3 potions of magic
 c - 2 potions of curing
 d - 2 potions of heal wounds
 e - a potion of haste
 f - a potion of berserk rage
 l - a potion of might
 m - a potion of invisibility {unknown}
 n - 2 potions of mutation
Miscellaneous
 q - a piece from Xom's chessboard (15/15)


   Skills:
 + Level 4.3 Dodging
 + Level 5.3 Stealth
 + Level 11.1 Spellcasting
 + Level 2.4 Conjurations
 + Level 2.0 Transmutations
 + Level 16.6 Earth Magic
 + Level 0.5 Evocations


You had 18 spell levels left.
You knew the following spells:

 Your Spells              Type           Power      Damage    Failure   Level
a - Sandblast             Erth           100%       2d20      0%          1
b - Passwall              Tmut/Erth      45%        N/A       1%          2
c - Stone Arrow           Conj/Erth      100%       3d13      1%          3
d - Petrify               Tmut/Erth      54%        N/A       1%          4
e - Scorch                Fire           24%        2d6       2%          2

Your spell library contained the following spells:

 Spells                   Type           Power      Damage    Failure   Level
 Airstrike                Air            6%         2d(1-17)  13%         4
 Summon Small Mammal      Summ           48%        N/A       4%          1
 Call Canine Familiar     Summ           12%        N/A       16%         3
 Summon Guardian Golem    Hex/Summ       12%        N/A       16%         3


Dungeon Overview and Level Annotations

Branches:
Dungeon (1/1)

Altars:
Cheibriados
Dithmenos
Elyvilon
Fedhas
Gozag
Hepliaklqana
Kikubaaqudgha
Makhleb
Nemelex Xobeh
Okawaru
Qazlal
Ru
Sif Muna
Trog
Uskayaw
Vehumet
Wu Jian
Xom
Yredelemnul
Zin
The Shining One
Jiyva
Lugonu

Annotations:
D Erolcha


Innate Abilities, Weirdness & Mutations

You are immune to sickness and miasma.
Your stone body is resilient. (AC +6)
You are immune to poison.
You resist negative energy. (rN+)
You are resistant to electric shocks. (rElec)
You are resistant to unholy torment.
You are immune to petrification.
You have supernaturally acute eyesight. (SInv)
Your mind is acute. (Int +4, Str/Dex -1)
Your muscles are strong. (Str +4, Int/Dex -1)


Message History

The two-headed ogre shouts in stereo!
Erolcha points at you and mumbles some strange words.
You resist with some effort.
Unknown command.
Casting: Sandblast (safe; 0% risk of failure)
Confirm with . or Enter, or press ? or * to list all spells.
Aiming: Sandblast (safe; 0% risk of failure)
Press: ? - help, Shift-Dir - straight line, f/p - Erolcha
Aim: Erolcha, wielding a +0 giant spiked club and wearing a +0 robe (heavily wounded, 91% to hit)
The blast of sand hits Erolcha!
Erolcha is severely wounded.
Unknown command.
Unknown command.
Casting: Sandblast (safe; 0% risk of failure)
Confirm with . or Enter, or press ? or * to list all spells.
Aiming: Sandblast (safe; 0% risk of failure)
Press: ? - help, Shift-Dir - straight line, f/p - Erolcha
Aim: Erolcha, wielding a +0 giant spiked club and wearing a +0 robe (severely wounded, 91% to hit)
Okay, then.
There are monsters nearby!
Aiming: Bolt of Light
Press: ? - help, Shift-Dir - straight line, f - two-headed ogre, p - Erolcha
Aim: a two-headed ogre, wielding two +0 giant clubs (86% to hit)
The bolt of light hits the two-headed ogre!
The two-headed ogre is lightly wounded.
The two-headed ogre is blinded.
Erolcha hits you with a +0 giant spiked club!!!
Ouch! That really hurt!
* * * LOW HITPOINT WARNING * * *
The two-headed ogre misses you. The two-headed ogre barely misses you.
Unknown command.
Casting: Sandblast (safe; 0% risk of failure)
Confirm with . or Enter, or press ? or * to list all spells.
Aiming: Sandblast (safe; 0% risk of failure)
Press: ? - help, Shift-Dir - straight line, f - Erolcha, p - two-headed ogre
Aim: Erolcha, wielding a +0 giant spiked club and wearing a +0 robe (severely wounded, 91% to hit)
The blast of sand hits Erolcha!
Erolcha is almost dead.
Erolcha hits you with a +0 giant spiked club!
You die...

### __# ._# '##
..# ..# #'#
.)#+##############
..#....#.#.#...O@#
.)##.#..#.##.###O#
..'##.#.#.##)# .##
..#)..#..#..##..
▓▓▓▓▓▓▓▓▓▓▓▓▓▓▓▓


You could see a two-headed ogre (blind) and Erolcha.

Vanquished Creatures
  A deep elf pyromancer (D)
  A shadow (D)
  A spatial vortex (D)
  4 two-headed ogres (D)
  A necrophage (D)
  A water elemental (D)
  A jelly (D)
  Crazy Yiuf (D)
  Jessica (D)
  A wizard (D)
  A necromancer (D)
  3 humans (D)
  A kobold demonologist (D)
  2 endoplasms (D)
20 creatures vanquished.

Notes
Turn   | Place    | Note
-------+----------+-------------------------------------------
     0 | D        | mhtbhm the Gargoyle Earth Elementalist began the quest for
                  | the Orb.
     0 | D        | Reached XP level 1. HP: 10/10 MP: 3/3
     8 | D        | Reached skill level 4 in Earth Magic
    53 | D        | Noticed Jessica
    56 | D        | Killed Jessica
    57 | D        | Reached skill level 6 in Earth Magic
    57 | D        | Reached XP level 2. HP: 8/15 MP: 2/6
    57 | D        | Reached XP level 3. HP: 11/19 MP: 2/8
   189 | D        | Learned a level 2 spell: Passwall
   193 | D        | Learned a level 3 spell: Stone Arrow
   229 | D        | Gained mutation: You are dopey. (Int -2) [potion of
                  | mutation]
   229 | D        | Gained mutation: You are partially covered in large bone
                  | plates. (SH +4) [potion of mutation]
   229 | D        | Gained mutation: You are very dopey. (Int -4) [potion of
                  | mutation]
   229 | D        | Gained mutation: You are somewhat resistant to further
                  | mutation. [potion of mutation]
   230 | D        | Lost mutation: You are partially covered in large bone
                  | plates. (SH +4) [potion of mutation]
   230 | D        | Lost mutation: You are very dopey. (Int -4) [potion of
                  | mutation]
   231 | D        | Lost mutation: You are somewhat resistant to further
                  | mutation. [potion of mutation]
   231 | D        | Lost mutation: You are dopey. (Int -2) [potion of mutation]
   231 | D        | Gained mutation: Your mind is acute. (Int +4, Str/Dex -1)
                  | [potion of mutation]
   231 | D        | Gained mutation: You have supernaturally acute eyesight.
                  | (SInv) [potion of mutation]
   231 | D        | Gained mutation: Your muscles are strong. (Str +4, Int/Dex
                  | -1) [potion of mutation]
   262 | D        | Reached skill level 1 in Transmutations
   315 | D        | Noticed Crazy Yiuf
   317 | D        | Killed Crazy Yiuf
   318 | D        | Reached skill level 7 in Earth Magic
   318 | D        | Reached XP level 4. HP: 21/24 MP: 7/10
   353 | D        | Learned a level 4 spell: Petrify
   354 | D        | Noticed a water elemental
   355 | D        | Killed a water elemental
   356 | D        | Reached skill level 5 in Spellcasting
   356 | D        | Reached skill level 9 in Earth Magic
   356 | D        | Reached XP level 5. HP: 28/28 MP: 7/12
   398 | D        | Found a radiant altar of Vehumet.
   398 | D        | Found a shimmering blue altar of Sif Muna.
   398 | D        | Found an ancient bone altar of Kikubaaqudgha.
   401 | D        | Reached skill level 10 in Earth Magic
   407 | D        | Became a worshipper of Vehumet
   428 | D        | Found a basalt altar of Yredelemnul.
   428 | D        | Found a shadowy altar of Dithmenos.
   428 | D        | Found a sacrificial altar of Ru.
   431 | D        | Reached skill level 11 in Earth Magic
   431 | D        | Reached XP level 6. HP: 32/32 MP: 12/15
   456 | D        | Found a glowing silver altar of Zin.
   456 | D        | Found a glowing golden altar of the Shining One.
   456 | D        | Found a white marble altar of Elyvilon.
   456 | D        | Noticed a deep elf pyromancer
   459 | D        | Killed a deep elf pyromancer
   459 | D        | Reached * piety under Vehumet
   459 | D        | Offered knowledge of Freeze by Vehumet.
   460 | D        | Reached skill level 1 in Conjurations
   460 | D        | Reached skill level 14 in Earth Magic
   460 | D        | Reached XP level 7. HP: 36/36 MP: 8/19
   531 | D        | Found a hide-covered altar of Uskayaw.
   531 | D        | Found an iron altar of Okawaru.
   531 | D        | Found a bloodstained altar of Trog.
   531 | D        | Found an ornate altar of the Wu Jian Council.
   531 | D        | Noticed a human
   531 | D        | Noticed a human
   537 | D        | Killed a human
   538 | D        | Reached skill level 5 in Stealth
   538 | D        | Killed a human
   539 | D        | Reached skill level 15 in Earth Magic
   539 | D        | Reached XP level 8. HP: 41/41 MP: 15/21
   578 | D        | Noticed a shadow
   580 | D        | Killed a shadow
   580 | D        | Reached ** piety under Vehumet
   619 | D        | Found a blossoming altar of Fedhas.
   619 | D        | Found a stormy altar of Qazlal.
   619 | D        | Found a snail-covered altar of Cheibriados.
   619 | D        | Found a burning altar of Makhleb.
   619 | D        | Found a shimmering altar of Xom.
   620 | D        | Found a hazy altar of Hepliaklqana.
   620 | D        | Found an opulent altar of Gozag.
   620 | D        | Found a sparkling altar of Nemelex Xobeh.
   620 | D        | Found a corrupted altar of Lugonu.
   620 | D        | Found a viscous altar of Jiyva.
   624 | D        | Offered knowledge of Scorch by Vehumet.
   625 | D        | Reached skill level 10 in Spellcasting
   634 | D        | Learned a level 2 spell: Scorch
   656 | D        | Offered knowledge of Inner Flame by Vehumet.
   660 | D        | Reached *** piety under Vehumet
   661 | D        | Reached skill level 16 in Earth Magic
   931 | D        | Noticed a two-headed ogre
   935 | D        | Killed a two-headed ogre
   935 | D        | Offered knowledge of Airstrike by Vehumet.
   936 | D        | Reached XP level 9. HP: 45/45 MP: 14/24
   991 | D        | Noticed Erolcha
   992 | D        | Noticed a two-headed ogre
   996 | D        | Slain by Erolcha

Illustrated notes

Levels and vault maps discovered:
D:        dungeon_sprint_mu [sprint_mu_entry_cave, sprint_mu_temple_rooms,
          sprint_mu_d1_spiders, sprint_mu_d2_genie, sprint_mu_d3_branching,
          sprint_mu_orc_legion, sprint_mu_elf_gauntlet, sprint_mu_hive_nellie,
          sprint_mu_lair_fedhas, sprint_mu_vaults_butterflies,
          sprint_mu_slime_circle, sprint_mu_shoals_kraken,
          sprint_mu_snake_twists, sprint_mu_blade_basic,
          sprint_mu_crypt_chambers, sprint_mu_tomb_spiral,
          sprint_mu_vestibule_basic, sprint_mu_gehenna_hellfire,
          sprint_mu_dis_giant, sprint_mu_tartarus_statrot,
          sprint_mu_cocytus_islands, sprint_mu_zot1]

Skill      XL: |  1  2  3  4  5  6  7  8 |
---------------+-------------------------+-----
Earth Magic    | 6 7 9 11 14 15 16 | 16.6
Dodging        | 2 3 4 |  4.3
Spellcasting   | 3 4 5 6 8 9 11 | 11.1
Stealth        | 3 4 5 |  5.3
Transmutations | 1 2 |  2.0
Conjurations   | 1 2 |  2.4
Evocations     | |  0.5

Action                   |  1- 3 |  4- 6 |  7- 9 || total
-------------------------+-------+-------+-------++-------
 Cast: Sandblast         |     9 |     5 |    22 ||    36
       Passwall          |     2 |       |       ||     2
       Stone Arrow       |     1 |     3 |    10 ||    14
       Petrify           |       |       |     1 ||     1
Evoke: Wand              |       |       |     3 ||     3
  Use: Potion            |     3 |       |       ||     3
       Scroll            |       |       |     1 ||     1
Armor: Robe              |       |     1 |     2 ||     3
Dodge: Dodged            |     1 |       |    12 ||    13

Table legend: (Time is in decaauts)
 A = Elapsed time spent in this place.
 B = Non-inter-level travel time spent in this place.
 C = Inter-level travel time spent in this place.
 D = Time resting spent in this place.
 E = Time spent auto-exploring this place.
 F = Levels seen in this place.
 G = Mean time per level.
                   A        B        C        D        E       F      G
               +--------+--------+--------+--------+--------+-----+--------+
         Total |   1018 |   1018 |      0 |    676 |     19 |   1 | 1018.0 |
       Dungeon |   1018 |   1018 |      0 |    676 |     19 |   1 | 1018.0 |
               +--------+--------+--------+--------+--------+-----+--------+

Top non-repeatable levels by time:
       D: 1018 daAuts
